 Dungeon Crawl Stone Soup version 0.31-a0-174-g85c54bcb58 (webtiles) character file.

Game seed: 11703487555359435656

749 qw the Skirmisher (level 7, -1/43 HPs)
             Began as a Gargoyle Hunter on June 15, 2023.
             Slain by an adder (3 damage)
             ... on level 4 of the Dungeon.
             The game lasted 00:01:41 (3786 turns).

qw the Skirmisher (Gargoyle Hunter)                 Turns: 3786, Time: 00:01:41

Health: -1/43      AC: 14    Str: 14    XL:     7   Next: 77%
Magic:  7/7        EV: 12    Int: 10    God:
Gold:   174        SH:  0    Dex: 18    Spells: 6/6 levels left

rFire   + . .        Y - +2 shortbow
rCold   + . .        (shield currently unavailable)
rNeg    + . .        m - +2 robe {rC+ rF+}
rPois   inf          e - +0 helmet
rElec   +            c - +0 cloak
rCorr   .            b - +0 pair of fencer's gloves {Riposte Dex+3}
SInv    .            h - +1 pair of boots
Will    .....        (no amulet)
Stlth   ++           (no ring)
HPRegen 0.27/turn    (no ring)
MPRegen 0.10/turn

%: no passive effects
@: about to teleport
A: sickness immunity, AC +4, negative energy resistance 1, electricity
resistance, torment resistance 1, petrification resistance
a: no special abilities


You were on level 4 of the Dungeon.
You visited 1 branch of the dungeon, and saw 5 of its levels.
You also visited: Sewer.

You collected 174 gold pieces.


Innate Abilities, Weirdness & Mutations

You are immune to sickness and miasma.
Your stone body is resilient. (AC +4)
You are immune to poison.
You resist negative energy. (rN+)
You are resistant to electric shocks. (rElec)
You are resistant to unholy torment.
You are immune to petrification.


   Skills:
 + Level 4.0 Fighting
 - Level 8.0 Ranged Weapons
 - Level 3.1 Armour
 - Level 2.0 Dodging
 - Level 1.1 Stealth


You had 6 spell levels left.
You didn't know any spells.
Your spell library was empty.

Inventory:

Hand Weapons
 Y - a +2 shortbow (weapon)
Armour
 b - the +0 pair of fencer's gloves (worn) {Riposte Dex+3}
   (You acquired it on level 3 of the Dungeon)

   Riposte:   It allows the wearer to riposte with melee weapons, swiftly
   retaliating against missed or blocked melee attacks.
   Dex:       It affects your dexterity (+3).
 c - a +0 cloak (worn)
 e - a +0 helmet (worn)
 h - a +1 pair of boots (worn)
 i - a +2 robe of positive energy
 m - a +2 robe of resistance (worn)
Scrolls
 f - a scroll of identify
 j - a scroll of teleportation
Potions
 a - 2 potions of haste
 d - 6 potions of heal wounds
 g - a potion of cancellation {unknown}
 k - a potion of magic {unknown}

Dungeon Overview and Level Annotations

Branches:
Dungeon (5/15)              Sewer (visited)
 Temple: D:4-7

Altars:
Hepliaklqana
Wu Jian

Shops:
D:3 :

Annotations:
D:2 1 runed translucent door, Crazy Yiuf


Message History

You shoot an arrow.
The arrow hits the adder but does no damage.
The adder bites you. The adder barely misses you.
You shoot an arrow. The arrow hits the ogre.
The ogre is lightly wounded.
The adder bites you but does no damage. The ogre hits you but does no damage.
You shoot an arrow. The arrow barely misses the ogre.
The adder bites you.
You shoot an arrow. The arrow hits the ogre!
The ogre is heavily wounded.
The adder bites you but does no damage. The ogre closely misses you.
You shoot an arrow. The arrow hits the ogre.
The ogre is heavily wounded.
The adder bites you but does no damage. The adder barely misses you.
The ogre hits you with a +0 giant spiked club!
3783 ||| STAIRDANCE The adder closely misses you.
You climb upwards.
There is a stone staircase leading down here.
Enter note:
Enter note:
Enter note:
Enter note:
Enter note:
Enter note:
Enter note:
Enter note:
Enter note:
Enter note:
Enter note:
Enter note: You shoot an arrow.
The arrow barely misses the ogre.
The adder closely misses you.
The ogre hits you with a +0 giant spiked club!!
Ouch! That really hurt!
3786 ||| READING 2 scrolls of teleportation.
As you read the scroll of teleportation, it crumbles to dust.
You feel strangely unstable. The adder bites you.
You die...

.......#.../.#.........#..)......
.........###.#...................
..##.........#...................
...............>.........#.......
##...........###.................
#...............................
###...#.........................
###.#######...S....#.......#...
##....# ###...@O...##.#..#####.
##.....####...#.##..###.##..## ##
#.............#..##.###..#...####
#............##......##.......#..
#...##..#...####......#......##.#
.......###.###..................#
......## #..#.......#....#####...
...#..## ##.........##.......###.
.....#.###.............###...###.


You could see an ogre and an adder.

Vanquished Creatures
  Sigmund (D:3)
  2 kobold brigands (Sewer)
  2 scorpions
  A hound (D:5)
  An orc priest (D:4)
  A jelly (D:4)
  Jessica (D:2)
  Terence (D:3)
  8 adders
  2 river rats (Sewer)
  4 worms
  A dart slug (D:2)
  6 orcs
  6 ball pythons
  4 bats
  5 endoplasms
  11 giant cockroaches
  6 hobgoblins
  3 jackals (Sewer)
  3 quokkas (D:3)
  7 frilled lizards
  7 goblins
  8 kobolds
  14 rats
105 creatures vanquished.

Notes
Turn   | Place    | Note
-------+----------+-------------------------------------------
     0 | D:1      | qw the Gargoyle Hunter began the quest for the Orb.
     0 | D:1      | Reached XP level 1. HP: 12/12 MP: 1/1
     0 | D:1      | 0 ||| qw: Version: 0.2-a-29-g511e9b1
     0 | D:1      | 0 ||| qw: Game counter: 5325
     0 | D:1      | 0 ||| qw: Always use a shield: true
     0 | D:1      | 0 ||| qw: God list: Okawaru
     0 | D:1      | 0 ||| qw: Allow faded altars: false
     0 | D:1      | 0 ||| qw: Do Orc after D:15 true
     0 | D:1      | 0 ||| qw: Do second Lair branch before Depths: true
     0 | D:1      | 0 ||| qw: Lair rune preference: random
     0 | D:1      | 0 ||| qw: Plans: Normal, Zot:1-4, Slime:5, God:TSO, Crypt,
                  | Tomb, Abyss, Pan, Hells, Win
     0 | D:1      | 0 ||| PLANNING D:1-11
   176 | D:1      | Reached XP level 2. HP: 17/17 MP: 2/2
   312 | D:1      | HP: 4/17 [goblin/+0 dagger of protection (3)]
   760 | D:1      | 760 ||| UPGRADING to +0 ring mail.
   770 | D:1      | 770 ||| DROPPING +0 leather armour.
   771 | D:1      | 771 ||| READING scroll labelled TOIQAO OBIE.
   772 | D:1      | 772 ||| READING scroll labelled XOUHI INNEICH.
   773 | D:1      | 773 ||| READING scroll labelled SEKLETH EWNO.
   774 | D:1      | 774 ||| READING scroll labelled BIDIAT VEDOJAI.
   775 | D:1      | 775 ||| DRINKING 4 fuming yellow potions.
   776 | D:1      | 776 ||| DRINKING 2 fuming clear potions.
   777 | D:1      | 777 ||| DROPPING scroll of butterflies.
   878 | D:2      | Reached XP level 3. HP: 21/21 MP: 3/3
   955 | D:2      | Noticed a scorpion
   965 | D:2      | Killed a scorpion
   966 | D:2      | Reached skill level 3 in Armour
   966 | D:2      | Reached XP level 4. HP: 16/26 MP: 4/4
  1403 | D:2      | Reached skill level 5 in Ranged Weapons
  1539 | D:2      | Noticed Jessica
  1541 | D:2      | Killed Jessica
  1542 | D:2      | Reached skill level 3 in Fighting
  1542 | D:2      | Reached XP level 5. HP: 32/32 MP: 5/5
  1584 | D:2      | Found a runed translucent door.
  1585 | D:2      | Noticed Crazy Yiuf
  1865 | D:2      | 1865 ||| UPGRADING to +0 helmet.
  1870 | D:2      | 1870 ||| UPGRADING to +2 robe of resistance.
  1880 | D:2      | 1880 ||| DROPPING +0 ring mail.
  1881 | D:2      | 1881 ||| UPGRADING to +0 pair of gloves.
  1886 | D:2      | 1886 ||| READING scroll labelled WEOZAS QEUCW.
  1887 | D:2      | 1887 ||| READING scroll labelled SYERHO PUGHELA.
  1888 | D:2      | 1888 ||| READING scroll labelled WIASUA DUIRERCH.
  1954 | D:2      | 1954 ||| READING scroll labelled NUBEPT BEKH.
  2055 | D:2      | 2055 ||| READING 2 scrolls of identify.
  2055 | D:2      | 2055 ||| IDENTIFYING cyan potion
  2080 | D:3      | 2080 ||| PLANNING SEWER
  2158 | D:3      | Found a glowing drain.
  2166 | D:3      | 2166 ||| READING 2 scrolls of identify.
  2166 | D:3      | 2166 ||| IDENTIFYING yellow potion
  2167 | D:3      | 2167 ||| DROPPING potion of invisibility.
  2173 | Sewer    | Entered a sewer
  2194 | Sewer    | 2194 ||| Stepping ~*~*~tactically~*~*~ (water).
  2208 | Sewer    | 2208 ||| Stepping ~*~*~tactically~*~*~ (water).
  2258 | Sewer    | 2258 ||| Stepping ~*~*~tactically~*~*~ (water).
  2306 | Sewer    | Noticed a kobold brigand
  2315 | Sewer    | Killed a kobold brigand
  2316 | Sewer    | Reached skill level 6 in Ranged Weapons
  2316 | Sewer    | Reached XP level 6. HP: 37/37 MP: 6/6
  2631 | Sewer    | 2631 ||| READING scroll of enchant weapon.
  2631 | Sewer    | 2631 ||| ENCHANTING +1 shortbow.
  2770 | Sewer    | 2770 ||| READING scroll labelled BODEUDAALU.
  2771 | Sewer    | 2771 ||| READING 2 scrolls labelled XURAUBASAU.
  2772 | Sewer    | 2772 ||| READING scroll of enchant armour.
  2772 | Sewer    | 2772 ||| ENCHANTING +0 pair of gloves.
  2814 | D:3      | 2814 ||| PLANNING D:1-11
  2984 | D:3      | Found an ornate altar of the Wu Jian Council.
  2984 | D:3      | Found a hazy altar of Hepliaklqana.
  3020 | D:3      | Identified the +0 ring mail of Card Tricks {Int+2}
  3033 | D:3      | Noticed Terence
  3048 | D:3      | Killed Terence
  3164 | D:3      | Found Dij Nare's Book Emporium.
  3250 | D:3      | Noticed Sigmund
  3258 | D:3      | 3258 ||| DRINKING potion of curing.
  3258 | D:3      | 3258 ||| (to cure confusion)
  3259 | D:3      | Killed Sigmund
  3260 | D:3      | Reached skill level 7 in Ranged Weapons
  3260 | D:3      | Reached XP level 7. HP: 42/43 MP: 7/7
  3307 | D:3      | 3307 ||| DROPPING +0 ring mail of Card Tricks {Int+2}.
  3308 | D:3      | 3308 ||| READING scroll labelled PECLEG FUPLIMP.
  3308 | D:3      | Identified a scroll of acquirement
  3308 | D:3      | 3308 ||| ACQUIRING +0 pair of fencer's gloves {Riposte
                  | Dex+3}
  3308 | D:3      | Acquired the +0 pair of fencer's gloves {Riposte Dex+3}
  3308 | D:3      | Found the +0 pair of fencer's gloves {Riposte Dex+3}
  3310 | D:3      | 3310 ||| UPGRADING to +0 pair of fencer's gloves {Riposte
                  | Dex+3}.
  3320 | D:3      | 3320 ||| DROPPING +1 pair of gloves.
  3321 | D:3      | 3321 ||| READING 2 scrolls of identify.
  3321 | D:3      | 3321 ||| IDENTIFYING silvery potion
  3322 | D:3      | 3322 ||| DROPPING potion of brilliance.
  3741 | D:4      | 3741 ||| UPGRADING to +0 cloak.
  3746 | D:4      | 3746 ||| UPGRADING to +1 pair of boots.
  3768 | D:5      | Entered Level 5 of the Dungeon
  3778 | D:5      | Reached skill level 8 in Ranged Weapons
  3783 | D:5      | 3783 ||| STAIRDANCE
  3785 | D:4      | HP: 2/43 [ogre/+0 giant spiked club (26)]
  3786 | D:4      | 3786 ||| READING 2 scrolls of teleportation.
  3786 | D:4      | Slain by an adder

Levels and vault maps discovered:
D:1:      dpeg_arrival_erosion, layout_rooms, serial_curves, eino_curves_01,
          eino_curves_01, eino_curves_04, eino_curves_03,
          roderic_cross_of_infinity, supply_closet_lemuel
D:2:      minmay_razor_zed, layout_loops_ring, lemuel_flame_loot_1,
          uniq_jessica, uniq_crazy_yiuf_cottage
D:3:      layout_rooms, nicolae_overflow_two_pavilions, gup_sewer_entry_pipe,
          serial_shops, shop, uniq_terence, uniq_sigmund
D:4:      layout_cave_pools
D:5:      layout_cave_pods, serial_shops, nicolae_shop_behind_doors,
          minmay_misc_feat_cross, nicolae_concentric_dashed_squares_mild,
          nicolae_grassy_gnolls, uniq_edmund

Skill      XL: |  1  2  3  4  5  6  7 |
---------------+----------------------+-----
Armour         | 3 |  3.1
Ranged Weapons | 5 6 7 8 |  8.0
Fighting       | 3 4 |  4.0
Dodging        | 2 |  2.0
Stealth        | |  1.1

Action                     |  1- 3 |  4- 6 |  7- 9 || total
---------------------------+-------+-------+-------++-------
   Fire: Shortbow          |    95 |   255 |    55 ||   405
    Use: Scroll            |     4 |    10 |     3 ||    17
         Potion            |     2 |     1 |       ||     3
 Armour: Leather armour    |    21 |       |       ||    21
         Ring mail         |     4 |     3 |       ||     7
         Robe              |       |    50 |    21 ||    71
  Dodge: Dodged            |    50 |    82 |    21 ||   153

Table legend:
 A = Non-vault XP
 B = Vault XP
 C = Vault XP percentage of total XP
 D = Non-vault monster count
 E = Vault monster count
 F = Vault count percentage of total count
                 A         B        C        D         E       F
            +---------+---------+-------+---------+---------+-------
      Total |     431 |     639 |  59.7 |      59 |      46 |  43.8
            +---------+---------+-------+---------+---------+-------
        D:1 |      30 |       0 |   0.0 |      19 |       0 |   0.0
        D:2 |      97 |      63 |  39.4 |       9 |      13 |  59.1
        D:3 |      40 |     278 |  87.4 |      15 |      10 |  40.0
        D:4 |     219 |       0 |   0.0 |      15 |       0 |   0.0
        D:5 |      45 |       0 |   0.0 |       1 |       0 |   0.0
      Sewer |       0 |     298 | 100.0 |       0 |      23 | 100.0
            +---------+---------+-------+---------+---------+-------
